 Dungeon Crawl Stone Soup version 0.30.1-3-gfc49f6343a (webtiles) character file.

Game seed: 9208173887430313050

7350 wolfrpgdude the Blocker (level 10, -8/94 HPs)
             Began as a Minotaur Fighter on Aug 2, 2023.
             Was a High Priest of the Shining One.
             Mangled by an orc knight
             ... wielding a +0 war axe
              (18 damage)
             ... on level 10 of the Dungeon.
             The game lasted 00:18:39 (10917 turns).

wolfrpgdude the Blocker (Minotaur Fighter)         Turns: 10917, Time: 00:18:40

Health: -8/94      AC: 19    Str: 25    XL:     10   Next: 91%
Magic:  9/9        EV:  7    Int:  5    God:    the Shining One [*****.]
Gold:   700        SH:  6    Dex: 10    Spells: 9/9 levels left

rFire   . . .        o - +3 spear (heavy)
rCold   . . .        c - +0 buckler
rNeg    + + .        y - +0 plate armour
rPois   .            g - +2 hat
rElec   .            (no cloak)
rCorr   +            a - +1 pair of gloves
SInv    .            (no boots)
Will    .....        i - amulet of magic regeneration Stlth
                     s - ring of resist corrosion
HPRegen 0.35/turn    (no ring)
MPRegen 0.51/turn

%: no passive effects
@: attractive, glowing
A: horns 2, retaliatory headbutt
a: Renounce Religion, Divine Shield, Cleansing Flame, Summon Divine Warrior


You were on level 10 of the Dungeon.
You worshipped the Shining One.
The Shining One was extremely pleased with you.
You visited 1 branch of the dungeon, and saw 10 of its levels.
You also visited: Ossuary.

You collected 700 gold pieces.

Inventory:

Hand Weapons
 o - a +3 heavy spear (weapon)
Armour
 a - a +1 pair of gloves (worn)
 c - a +0 buckler (worn)
 g - a +2 hat (worn)
 y - a +0 plate armour (worn)
Jewellery
 i - an amulet of magic regeneration (around neck)
 s - a ring of resist corrosion (left hand)
Wands
 l - a wand of iceblast (18)
 u - a wand of digging (6)
 B - a wand of charming (5)
Scrolls
 k - 2 scrolls of fear
 q - 7 scrolls of teleportation
 r - 3 scrolls of poison
 t - 2 scrolls of fog
 w - 2 scrolls of identify
 x - 2 scrolls of silence
 A - a scroll of enchant weapon {unknown}
 C - 2 scrolls of amnesia
 D - a scroll of magic mapping
Potions
 b - 2 potions of mutation {unknown}
 d - 3 potions of might
 e - 5 potions of ambrosia
 f - 3 potions of resistance
 h - 2 potions of brilliance
 j - a potion of degeneration {unknown}
 m - 6 potions of curing
 n - a potion of lignification {unknown}
 p - a potion of flight {unknown}
 v - a potion of attraction
 z - a potion of cancellation {unknown}
 E - a potion of heal wounds {unknown}


   Skills:
 + Level 10.7 Fighting
 + Level 10.4 Axes
 + Level 10.7 Armour
 + Level 10.8 Shields


You had 9 spell levels left.
You didn't know any spells.
Your spell library contained the following spells:

 Spells                   Type           Power      Damage    Failure   Level
 Magic Dart               Conj           0%         1d3       99%         1
 Slow                     Hex            0%         N/A       99%         1
 Summon Small Mammal      Summ           0%         N/A       99%         1
 Ensorcelled Hibernation  Hex/Ice        0%         N/A       100%        2
 Passwall                 Tmut/Erth      0%         N/A       100%        2
 Searing Ray              Conj           0%         2d4       100%        2
 Call Canine Familiar     Summ           0%         N/A       100%        3
 Confusing Touch          Hex            0%         N/A       100%        3
 Summon Guardian Golem    Hex/Summ       0%         N/A       100%        3
 Swiftness                Air            0%         N/A       100%        3
 Vampiric Draining        Necr           0%         2d6       100%        3
 Fulminant Prism          Conj/Hex       0%         3d5       100%        4


Dungeon Overview and Level Annotations

Branches:
Dungeon (10/15)            Temple (0/1) D:7            Lair (0/5) D:8
    Orc (0/2) D:9         Ossuary (visited)

Altars:
Elyvilon
Nemelex Xobeh
Sif Muna
The Shining One

Shops:
D:6 =


Innate Abilities, Weirdness & Mutations

You have a pair of horns on your head.
You reflexively headbutt those who attack you in melee.


Message History

Found 17 gold pieces.
The two-headed ogre shouts in stereo!
You block the wight's attack.
The kobold brigand throws a poisoned dart.
The poisoned dart hits you!
You are poisoned.
The two-headed ogre hits you with a +0 giant club.
You block the two-headed ogre's attack.
There is a large open door here.
The wight attacks as you move away!
The wight hits you with a +5 long sword.
You partially resist.
You feel sick.
You impale the wight!!
You destroy the wight!
The Shining One accepts your kill.
You feel sick.
The two-headed ogre hits you with a +0 giant club.
You block the two-headed ogre's attack.
You impale the orc knight!! You headbutt the orc knight.
The orc knight is moderately wounded.
You feel sick. The orc knight closely misses you.
The two-headed ogre hits you with a +0 giant club!! x2
The orc knight hits you but does no damage.
You puncture the orc knight!
The orc knight is heavily wounded.
You feel sick.
The orc knight hits you with a +0 war axe.
You puncture the orc knight!
The orc knight is heavily wounded.
You feel sick. You block the two-headed ogre's attack.
The two-headed ogre hits you with a +0 giant club!
* * * LOW HITPOINT WARNING * * *
The orc knight hits you with a +0 war axe!
* * * LOW HITPOINT WARNING * * *
It was a potion of attraction.
You feel attractive to monsters.
You feel sick.
You are no longer poisoned.
The orc knight hits you with a +0 war axe!!
You die...

#.?#++#(.#......#
#$#....#!####...#
#......# #####.### ##
+......+ #.......# #.
+......+ #.#####.# #.
#......# #...#...###.
#$#..K.#.####.#.###.))
#.?#Oo#).##...#.<.#.#.
####.@####..#####.#.#.
#.##..#..#.........#.
#....>#.########.###.
#####.'.##. #...# #.
#.####.###.### ## #.#
#.......# #.#
##.###### ### #..#
##.#


You could see an orc knight, a two-headed ogre and a kobold brigand.

Vanquished Creatures
  A two-headed ogre (D:9)
  An ugly thing (D:9)
  A komodo dragon (D:8)
  A troll (D:10)
  Grinder (D:3)
  4 yaks (D:9)
  2 wyverns
  Menkaure (D:7)
  A water moccasin (D:8)
  3 orc warriors (D:9)
  A sky beast (D:7)
  3 ice beasts
  An ogre (D:5)
  2 black bears (D:6)
  2 centaurs
  4 kobold brigands
  A phantom (D:6)
  3 elf zombies
  A bullfrog (D:8)
  2 scorpions
  2 gnoll sergeants
  16 wights
  3 killer bees (D:7)
  6 electric eels (D:9)
  3 centaur zombies (Ossuary)
  4 hounds
  A quasit (D:8)
  5 jellies
  6 orc priests
  4 human zombies
  A gnoll bouda (D:5)
  Ijyb (D:3)
  2 human skeletons (D:4)
  4 iguanas
  8 orc wizards
  2 hound zombies (Ossuary)
  3 mummies (Ossuary)
  7 gnolls
  8 adders
  3 shadow imps
  3 white imps
  An ufetubus (D:6)
  3 adder zombies (Ossuary)
  2 worms
  A dart slug (D:1)
  37 orcs
  5 bats
  3 endoplasms (D:2)
  2 giant cockroaches
  A gnoll zombie (Ossuary)
  5 hobgoblins
  8 jackals
  23 kobolds
  2 quokkas (D:1)
  8 ball pythons
  4 frilled lizards
  6 goblins
  4 goblin zombies (Ossuary)
  2 hobgoblin zombies (Ossuary)
  4 jackal zombies (Ossuary)
  4 kobold zombies (Ossuary)
  An orc skeleton (D:4)
  5 orc zombies (Ossuary)
  A quokka zombie (Ossuary)
  4 rats
  3 rat zombies (Ossuary)
267 creatures vanquished.

Vanquished Creatures (others)
  A butterfly (D:9)
1 creature vanquished.

Grand Total: 268 creatures vanquished

Notes
Turn   | Place    | Note
-------+----------+-------------------------------------------
     0 | D:1      | wolfrpgdude the Minotaur Fighter began the quest for the
                  | Orb.
     0 | D:1      | Reached XP level 1. HP: 19/19 MP: 0/0
   140 | D:1      | Reached XP level 2. HP: 27/27 MP: 1/1
   318 | D:1      | Found a faded altar of an unknown god.
   862 | D:2      | Reached XP level 3. HP: 33/33 MP: 2/2
  1243 | D:2      | Reached XP level 4. HP: 41/41 MP: 3/3
  1881 | D:3      | Noticed a gnoll sergeant
  1882 | D:3      | Found a glowing golden altar of the Shining One.
  1889 | D:3      | Found a transporter.
  1899 | D:3      | Found a transporter.
  2103 | D:3      | Reached XP level 5. HP: 38/47 MP: 0/4
  2334 | D:3      | Became a worshipper of the Shining One
  2502 | D:3      | Noticed Ijyb
  2509 | D:3      | Killed Ijyb
  2510 | D:3      | Reached skill level 5 in Fighting
  2510 | D:3      | Reached skill level 5 in Shields
  2669 | D:3      | Noticed Grinder
  2685 | D:3      | Paralysed by Grinder for 5 turns
  2691 | D:3      | Killed Grinder
  2692 | D:3      | Reached skill level 5 in Armour
  2692 | D:3      | Reached XP level 6. HP: 29/56 MP: 1/5
  3335 | D:4      | Reached skill level 5 in Axes
  3335 | D:4      | Reached XP level 7. HP: 62/62 MP: 2/6
  3339 | D:4      | Found a sand-covered staircase.
  3373 | Ossuary  | Entered an ossuary
  3387 | Ossuary  | Reached * piety under the Shining One
  3514 | Ossuary  | Reached ** piety under the Shining One
  3649 | Ossuary  | Reached *** piety under the Shining One
  3787 | D:4      | Reached **** piety under the Shining One
  4041 | D:4      | Reached XP level 8. HP: 50/71 MP: 2/7
  4516 | D:5      | Entered Level 5 of the Dungeon
  6010 | D:6      | Reached XP level 9. HP: 68/81 MP: 8/8
  6132 | D:7      | Found a flagged portal.
  6456 | D:7      | Noticed Menkaure
  6464 | D:7      | Killed Menkaure
  6464 | D:7      | Reached ***** piety under the Shining One
  6846 | D:7      | Found a staircase to the Ecumenical Temple.
  7437 | D:6      | Found Kenwint's One-of-a-Kind Rings.
  8117 | D:8      | Found a shimmering blue altar of Sif Muna.
  8254 | D:8      | Found a staircase to the Lair.
  8255 | D:8      | Noticed a komodo dragon
  8272 | D:8      | Killed a komodo dragon
  8591 | D:8      | Reached XP level 10. HP: 81/91 MP: 9/9
  8859 | D:9      | Noticed a two-headed ogre
  8867 | D:9      | Killed a two-headed ogre
  9123 | D:9      | Found a staircase to the Orcish Mines.
  9318 | D:9      | Found a sparkling altar of Nemelex Xobeh.
  9326 | D:9      | Noticed a purple ugly thing
  9336 | D:9      | Reached skill level 10 in Shields
  9460 | D:9      | Reached skill level 10 in Fighting
  9469 | D:9      | Reached skill level 10 in Armour
  9555 | D:9      | Killed a purple ugly thing
  9708 | D:9      | Found a white marble altar of Elyvilon.
  9725 | D:9      | Reached skill level 10 in Axes
 10685 | D:10     | Entered Level 10 of the Dungeon
 10907 | D:10     | Noticed an orc knight
 10908 | D:10     | Noticed a two-headed ogre
 10917 | D:10     | Mangled by an orc knight

Illustrated notes

Levels and vault maps discovered:
D:1:      dpeg_arrival_tiny_i, layout_basic,
          hellmonk_ecumenical_altar_arch_garden, minmay_strange_pillars
D:2:      layout_loops_corners, fountainhead
D:3:      minmay_general_purpose_star, layout_loops_corners,
          gammafunk_temple_overflow_arena, serial_bayou_pond_d, uniq_ijyb,
          uniq_grinder
D:4:      layout_basic, nicolae_ossuary_entry_catacombs, minmay_misc_feat_chi
D:5:      layout_gridville, due_unseen_surprise
D:6:      layout_basic, minmay_misc_feat_room,
          amcnicky_mini_rare_corridor_liquid, nicolae_shop_unique_rings,
          kennysheep_cross_bottleneck, mrwooster_statue_mirror
D:7:      layout_loops_cross, temple_statues, enter_bailey_8, item_on_display_b,
          uniq_menkaure
D:8:      layout_basic, lemuel_crystal_altar, david_lair_shrubbed,
          serial_demonic, serial_demonic_c, serial_demonic_b, serial_demonic_a,
          serial_demonic_g
D:9:      layout_loops_ring, nicolae_elyvilon_peaceful_grove,
          mainiacjoe_overflow_concentric_impassable, erik_orc_2
D:10:     layout_roguey, marbit_many_paths, lightli_fourway_metalbox

Skill      XL: |  1  2  3  4  5  6  7  8  9 10 |
---------------+-------------------------------+-----
Fighting       | 4 5 6 7 9 10 | 10.7
Armour         | 4 5 6 7 9 10 | 10.7
Shields        | 4 5 6 7 9 10 | 10.8
Axes           | 3 4 5 6 7 9 10 | 10.4

Action                     |  1- 3 |  4- 6 |  7- 9 | 10-12 || total
---------------------------+-------+-------+-------+-------++-------
  Melee: War axe           |    30 |       |       |       ||    30
         Headbutt          |    11 |    15 |    82 |    35 ||   143
         Short sword       |    30 |       |       |       ||    30
         Rapier            |    13 |    48 |       |       ||    61
         Spear             |       |    45 |   405 |   178 ||   628
    Use: Scroll            |     4 |       |    15 |       ||    19
         Potion            |       |       |     1 |     1 ||     2
 Armour: Scale mail        |    34 |    32 |   117 |       ||   183
         Plate armour      |       |       |    52 |    62 ||   114
  Dodge: Dodged            |    40 |    26 |   102 |    53 ||   221
  Block: Buckler           |    14 |    16 |    81 |    32 ||   143
